 Dungeon Crawl Stone Soup version 0.29-a0-823-gc37b1572da (webtiles) character file.

Game seed: 10972038940126004664

1463 avis the Chiller (level 8, -5/61 HPs)
             Began as a Demigod Ice Elementalist on July 9, 2022.
             Slain by a wyvern (14 damage)
             ... on level 6 of the Dungeon.
             The game lasted 00:41:02 (5345 turns).

avis the Chiller (Demigod Ice Elementalist)         Turns: 5345, Time: 00:41:09

Health: -5/61      AC:  6    Str:  9    XL:     8   Next: 24%
Magic:  12/19      EV: 12    Int: 17    God:
Gold:   258        SH:  0    Dex: 22    Spells: 10/17 levels left

rFire   + . .      SeeInvis .   b - +0 sling
rCold   . . .      Faith    .   (no shield)
rNeg    . . .      Spirit   .   C - +1 leather armour {rF+}
rPois   .          Reflect  .   f - +0 helmet
rElec   .          Harm     .   (no cloak)
rCorr   .          Rampage  .   (no gloves)
Will    .....                   s - +0 pair of boots
Stlth   ++........              (no amulet)
HPRegen 0.20/turn               (no ring)
MPRegen 0.16/turn               (no ring)

@: ice-armoured, corroded
A: high MP 1, forlorn, divine attributes
a: no special abilities


You were on level 6 of the Dungeon.
You visited 2 branches of the dungeon, and saw 7 of its levels.

You collected 258 gold pieces.

Inventory:

Hand Weapons
 a - a +1 long sword of electrocution
 b - a +0 sling (weapon)
 c - a +2 trident of protection
 n - a +1 vorpal scimitar
 o - a +2 dagger of holy wrath
 w - a +0 short sword of flaming
 E - a +1 dagger of electrocution
 H - a +0 antimagic hand axe
Missiles
 h - 8 poisoned darts
 t - a throwing net
Armour
 f - a +0 helmet (worn)
 s - a +0 pair of boots (worn)
 C - a +1 leather armour of fire resistance (worn)
 F - a +2 scale mail of willpower
Jewellery
 G - an amulet of guardian spirit
Wands
 B - a wand of flame (1)
Scrolls
 g - 2 scrolls of teleportation
 j - 2 scrolls of immolation {unknown}
 k - 2 scrolls of vulnerability {unknown}
 l - 2 scrolls of amnesia {unknown}
 p - 2 scrolls of fear {unknown}
 q - a scroll of fog {unknown}
 x - a scroll of torment {unknown}
 y - a scroll of noise {unknown}
 z - a scroll of brand weapon {unknown}
Potions
 d - 2 potions of magic
 e - a potion of brilliance
 i - 3 potions of flight
 m - a potion of lignification {unknown}
 r - a potion of berserk rage
 u - 4 potions of invisibility
 A - 2 potions of resistance
 D - 2 potions of haste {unknown}


   Skills:
 - Level 2.0 Fighting
 - Level 6.0 Ranged Weapons
 - Level 1.7 Dodging
 - Level 1.7 Stealth
 - Level 5.0 Spellcasting
 * Level 6.1 Ice Magic


You had 10 spell levels left.
You knew the following spells:

 Your Spells              Type           Power      Damage    Failure   Level
a - Freeze                Ice            100%       1d11      1%          1
o - Ozocubu's Armour      Ice            25%        N/A       4%          3
r - Frozen Ramparts       Ice            50%        1d7       4%          3

Your spell library contained the following spells:

 Spells                   Type           Power      Damage    Failure   Level
 Beastly Appendage        Tmut           8%         N/A       21%         1
 Poisonous Vapours        Pois/Air       8%         N/A       30%         2
 Wereblood                Tmut           4%         N/A       30%         2
 Hailstorm                Conj/Ice       14%        3d5       50%         4
 Spider Form              Tmut/Pois      4%         N/A       52%         3
 Corpse Rot               Necr/Pois/Air  4%         N/A       89%         4


Dungeon Overview and Level Annotations

Branches:
Dungeon (6/15)             Temple (1/1) D:4

Shops:
D:2 [


Innate Abilities, Weirdness & Mutations

You have an increased reservoir of magic. (+10% MP)
You shall have no god before yourself.
Your divine heritage dramatically boosts your attributes as you level up.


Message History

Aiming: Freeze (safe; 1% risk of failure)
Press: ? - help, Shift-Dir - straight line, f/p - jelly
Aim: a jelly (moderately wounded)
You freeze the jelly.
The jelly is severely wounded.
The wyvern bites you but does no damage.
The jelly hits you. The acid corrodes you!
You are splashed with acid!
* * * LOW HITPOINT WARNING * * *
The wyvern barely misses you.
Casting: Freeze (safe; 1% risk of failure)
Confirm with . or Enter, or press ? or * to list all spells.
Aiming: Freeze (safe; 1% risk of failure)
Press: ? - help, Shift-Dir - straight line, f/p - jelly
Aim: a jelly (severely wounded)
You freeze the jelly.
The jelly is severely wounded.
The wyvern bites you.
* * * LOW HITPOINT WARNING * * *
The jelly barely misses you.
You feel better. The wyvern closely misses you. The jelly barely misses you.
The wyvern bites you.
* * * LOW HITPOINT WARNING * * *
Casting: Freeze (safe; 1% risk of failure)
Confirm with . or Enter, or press ? or * to list all spells.
Aiming: Freeze (safe; 1% risk of failure)
Press: ? - help, Shift-Dir - straight line, f/p - jelly
Aim: a jelly (severely wounded)
You freeze the jelly!
You kill the jelly!
The wyvern bites you.
* * * LOW HITPOINT WARNING * * *
Casting: Freeze (safe; 1% risk of failure)
Confirm with . or Enter, or press ? or * to list all spells.
Aiming: Freeze (safe; 1% risk of failure)
Press: ? - help, Shift-Dir - straight line, f - wyvern
Aim: a wyvern (severely wounded)
You freeze the wyvern.
The wyvern is almost dead.
The wyvern bites you!
You die...

# .. ##. +##
#...## ##...#
..⌠...###...⌠..
#.............#
#....@l...#
###.....###
##.⌠)## .....
...<...
.........
⌠...###...⌠
...## ##...


You could see a wyvern.

Vanquished Creatures
  Prince Ribbit (D:5)
  Eustachio (D:4)
  An ice beast (D:5)
  A sky beast (D:5)
  A black bear (D:5)
  An ogre (D:4)
  2 scorpions
  2 howler monkeys (D:5)
  2 jellies
  2 hounds (D:5)
  2 orc priests (D:5)
  A gnoll bouda (D:5)
  An iguana (D:5)
  4 orc wizards (D:5)
  9 gnolls
  5 adders
  An ufetubus (D:5)
  2 worms (D:3)
  A dart slug (D:3)
  17 orcs (D:5)
  7 bats
  8 endoplasms
  2 giant cockroaches
  8 goblins
  6 hobgoblins
  7 jackals (D:2)
  2 kobolds
  7 quokkas
  6 ball pythons
  4 frilled lizards
  9 rats
123 creatures vanquished.

Notes
Turn   | Place    | Note
-------+----------+-------------------------------------------
     0 | D:1      | avis the Demigod Ice Elementalist began the quest for the
                  | Orb.
     0 | D:1      | Reached XP level 1. HP: 14/14 MP: 5/5
   188 | D:1      | Reached skill level 1 in Fighting
   252 | D:1      | Reached skill level 1 in Ranged Weapons
   354 | D:1      | Reached XP level 2. HP: 23/23 MP: 5/7
   912 | D:2      | Reached XP level 3. HP: 24/28 MP: 2/8
  1252 | D:2      | Found Ebaigy's Antique Armour Shop.
  1475 | D:2      | Learned a level 3 spell: Ozocubu's Armour
  1877 | D:3      | Reached XP level 4. HP: 35/35 MP: 7/10
  2264 | D:3      | Learned a level 3 spell: Frozen Ramparts
  2432 | D:4      | Found a staircase to the Ecumenical Temple.
  2551 | D:4      | Reached XP level 5. HP: 41/41 MP: 9/12
  2584 | D:4      | Noticed an ogre
  2892 | D:4      | Killed an ogre
  2950 | D:4      | Reached XP level 6. HP: 48/48 MP: 13/13
  3106 | D:4      | Noticed Eustachio
  3167 | D:4      | Killed Eustachio
  3168 | D:4      | Reached skill level 5 in Ice Magic
  3394 | Temple   | Entered the Ecumenical Temple
  3420 | D:5      | Entered Level 5 of the Dungeon
  3985 | D:5      | Reached XP level 7. HP: 54/55 MP: 12/16
  4443 | D:5      | Noticed Prince Ribbit
  4450 | D:5      | Reached skill level 5 in Ranged Weapons
  4455 | D:5      | Killed Prince Ribbit
  4456 | D:5      | Reached XP level 8. HP: 61/61 MP: 6/17
  5240 | D:5      | Reached skill level 5 in Spellcasting
  5345 | D:6      | Slain by a wyvern

Illustrated notes

Levels and vault maps discovered:
D:1:      psy_arrival_statuary, layout_loops_ring, hangedman_feature_mirror,
          nrook_campfire, minmay_tetromino_t2
D:2:      layout_basic, serial_shops, nicolae_shop_overgrown_old_shop,
          grunt_decor_fettered
D:3:      layout_rooms, nicolae_overflow_hidden_temple,
          hellmonk_ecumenical_altar_slurped_away
D:4:      layout_rooms, minmay_temple_entry_slanted, uniq_eustachio
D:5:      layout_basic, mainiacjoe_overflow_24_doors, uniq_prince_ribbit1
D:6:      layout_cave_pools, overflow_temple_1_default, serial_gnoll_camp,
          gnoll_camp_mini_hut, gnoll_camp_mini_shop, gnoll_camp_mini_loothouse,
          gnoll_camp_mini_shop, grunt_ministairs_13
Temple:   nicolae_temple_superstar

Skill      XL: |  1  2  3  4  5  6  7  8 |
---------------+-------------------------+-----
Fighting       | 1 2 |  2.0
Ranged Weapons | 1 2 4 6 |  6.0
Spellcasting   | 2 3 4 5 |  5.0
Ice Magic      | 4 5 6 |  6.1
Dodging        | |  1.7
Stealth        | |  1.7

Action                   |  1- 3 |  4- 6 |  7- 9 || total
-------------------------+-------+-------+-------++-------
Melee: Scimitar          |     8 |    14 |       ||    22
       Long sword        |       |       |     2 ||     2
 Fire: Sling             |    87 |   114 |    70 ||   271
Throw: Dart              |       |     2 |       ||     2
 Cast: Freeze            |    45 |    54 |    48 ||   147
       Ozocubu's Armour  |       |     9 |     8 ||    17
  Use: Scroll            |       |     8 |       ||     8
       Potion            |       |     1 |     2 ||     3
Armor: Robe              |    10 |    53 |       ||    63
       Leather armour    |       |    33 |    31 ||    64
Dodge: Dodged            |    28 |   167 |    46 ||   241

Table legend: (Time is in decaauts)
 A = Elapsed time spent in this place.
 B = Non-inter-level travel time spent in this place.
 C = Inter-level travel time spent in this place.
 D = Time resting spent in this place.
 E = Time spent auto-exploring this place.
 F = Levels seen in this place.
 G = Mean time per level.
                   A        B        C        D        E       F      G
               +--------+--------+--------+--------+--------+-----+--------+
         Total |   5419 |   5033 |    386 |   1628 |   2170 |   7 |  774.1 |
       Dungeon |   5404 |   5018 |    386 |   1628 |   2170 |   6 |  900.7 |
        Temple |     14 |     14 |      0 |      0 |      0 |   1 |   14.0 |
               +--------+--------+--------+--------+--------+-----+--------+

Top non-repeatable levels by time:
     D:5: 1809 daAuts
     D:4: 1209 daAuts
     D:2: 946 daAuts
     D:1: 718 daAuts
     D:3: 696 daAuts
     D:6: 23 daAuts
  Temple: 14 daAuts
